AoeStats
← manfred_da_pig

Highland

505417569Analyzed
4v4 RM · 24d ago on Sep 9, 2026· 14m 15s· 8 players
Game mode
Random Map
Map size
Large (8 player)
Population
200
Speed
Normal
Resources
Standard
Victory
Conquest
Starting age
Dark Age
Ending age
Imperial Age
RankedLock teamsTeams togetherTeam positionsShared explorationLock speedFull tech treeHidden civsTurbo modeCheats
Victory
Defeat
🇵🇰 Britons · Pakistan
1762
+8
🇭🇰 Lithuanians · Hong Kong SAR China
1644
+12
🇩🇪 Maya · Germany
1454
+20
🇳🇱 Franks · Netherlands
1404
+22
🇨🇳 Persians · China
1583
-17
🇫🇷 Ethiopians · France
1562
-16
🇨🇳 Gurjaras · China
1536
-15
1520
-14
Yucatan_water_supremacy
2:40 Loom
9:49 Feudal Age
10:32 Double-Bit Axe
10:46 Town Watch
iFxrY
5:29 Loom
8:44 Feudal Age
10:38 Fletching
洛莉
11:35 Feudal Age
啥牌子的
7:06 Loom
10:51 Feudal Age
11:41 Double-Bit Axe
11:37 Horse Collar
Sean
7:38 Loom
10:29 Feudal Age
11:02 Double-Bit Axe
13:24 Fletching
manfred_da_pig
0:26 Loom
9:30 Feudal Age
10:18 Double-Bit Axe
14:21 Fletching
Mubeen
6:35 Loom
9:01 Feudal Age
BuildDisorder [2]
5:25 Loom
11:51 Feudal Age
Connection lost

Rejoining the realm…

Still unreachable

The connection could not be restored.

Session expired

The server has moved on; the page needs a fresh start.